AoeStats
← CharlesFP89

Black Forest

509718104Analyzed
4v4 RM · 3d ago on Sep 27, 2026· 63m 52s· 8 players
Game mode
Random Map
Map size
Large (8 player)
Population
200
Speed
Normal
Resources
Standard
Victory
Conquest
Starting age
Dark Age
Ending age
Imperial Age
RankedLock teamsTeams togetherTeam positionsShared explorationLock speedFull tech treeHidden civsTurbo modeCheats
Victory
Defeat
🇫🇷 Burgundians · France
964
+15
🇫🇷 Franks · France
913
+17
🇨🇭 Cumans · Switzerland
896
+18
🇫🇷 Teutons · France
876
+18
🇸🇪 Bohemians · Sweden
986
-20
🇸🇪 Burgundians · Sweden
965
-18
🇸🇪 Turks · Sweden
940
-17
🇸🇪 Lithuanians · Sweden
848
-13
plaiemobile
1:23 Loom
12:49 Feudal Age
17:41 Castle Age
15:56 Double-Bit Axe
19:12 Wheelbarrow
21:08 Bow Saw
21:25 Gold Mining
24:45 Fortified Wall
26:44 Forging
26:40 Scale Barding Armor
26:29 Stone Mining
27:10 Elite Skirmisher
29:23 Iron Casting
29:55 Gold Shaft Mining
31:07 Hand Cart
32:18 Scale Mail Armor
31:41 Man-at-Arms
33:38 Husbandry
37:10 Imperial Age
35:04 Caravan
36:44 Chain Barding Armor
37:51 Chain Mail Armor
36:58 Long Swordsman
36:58 Pikeman
37:17 Cavalier
38:40 Plate Barding Armor
38:51 Chivalry
39:38 Paladin
41:23 Blast Furnace
44:39 Halberdier
53:45 Chemistry
59:53 Squires
59:38 Gambesons
CharlesFP89
9:29 Double-Bit Axe
12:49 Feudal Age
11:35 Horse Collar
11:54 Gold Mining
17:21 Castle Age
16:01 Heavy Plow
18:10 Bow Saw
17:44 Cavalier
23:12 Wheelbarrow
23:02 Husbandry
23:13 Scale Barding Armor
25:44 Hand Cart
26:18 Town Watch
26:19 Loom
28:58 Chain Barding Armor
28:48 Forging
28:57 Town Patrol
30:45 Two-Man Saw
31:30 Iron Casting
31:36 Gold Mining
31:37 Stone Mining
32:07 Crossbowman
33:54 Elite Skirmisher
39:12 Imperial Age
37:21 Ballistics
38:15 Fortified Wall
39:44 Stone Shaft Mining
39:44 Gold Shaft Mining
41:21 Chemistry
40:20 Paladin
41:25 Burgundian Vineyards
50:20 Caravan
54:33 Plate Barding Armor
53:58 Scale Mail Armor
54:59 Blast Furnace
53:49 Fletching
54:00 Padded Archer Armor
58:17 Chain Mail Armor
57:46 Pikeman
58:27 Squires
58:13 Arson
59:25 Crop Rotation
58:41 Halberdier
Legrumsx
12:53 Feudal Age
17:23 Castle Age
17:31 Horse Collar
17:48 Double-Bit Axe
18:49 Bow Saw
21:41 Capped Ram
27:09 Wheelbarrow
27:46 Heavy Plow
27:34 Loom
28:03 Forging
28:29 Bloodlines
29:46 Hand Cart
31:59 Town Watch
32:33 Fletching
32:44 Padded Archer Armor
33:38 Elite Skirmisher
35:55 Thumb Ring
36:24 Ballistics
36:30 Ballistics
39:28 Imperial Age
37:04 Stone Mining
37:07 Gold Mining
40:16 Gold Shaft Mining
39:57 Cavalier
40:15 Onager
42:24 Two-Man Saw
43:06 Crop Rotation
44:06 Paladin
47:53 Iron Casting
47:24 Scale Barding Armor
49:11 Coinage
51:33 Chain Barding Armor
52:14 Blast Furnace
Haboryme
15:02 Feudal Age
20:03 Castle Age
17:54 Double-Bit Axe
19:42 Horse Collar
21:18 Bow Saw
22:39 Heavy Plow
23:45 Gold Mining
27:50 Fortified Wall
27:52 Masonry
27:22 Crossbowman
28:43 Fletching
29:53 Wheelbarrow
29:19 Gambesons
28:55 Man-at-Arms
29:52 Long Swordsman
36:51 Imperial Age
34:41 Squires
36:03 Ballistics
35:35 Pikeman
38:03 Conscription
38:14 Crenellations
38:23 Hand Cart
37:54 Loom
38:33 Two-Handed Swordsman
38:36 Halberdier
39:27 Town Watch
39:20 Elite Skirmisher
40:07 Padded Archer Armor
40:02 Bodkin Arrow
40:13 Padded Archer Armor
40:14 Scale Mail Armor
40:25 Forging
41:03 Champion
43:02 Chain Mail Armor
43:03 Leather Archer Armor
45:27 Plate Mail Armor
45:33 Iron Casting
51:35 Onager
53:01 Ironclad
JustinZane
0:33 Loom
13:15 Feudal Age
14:04 Double-Bit Axe
16:18 Horse Collar
21:28 Castle Age
21:47 Scale Barding Armor
21:52 Forging
22:55 Gold Mining
22:55 Stone Mining
24:31 Wheelbarrow
24:50 Fletching
41:32 Pikeman
42:59 Squires
50:18 Caravan
52:42 Husbandry
53:49 Chain Barding Armor
54:04 Iron Casting
56:17 Imperial Age
54:09 Hand Cart
53:39 Town Watch
56:21 Cavalier
57:52 Plate Barding Armor
59:52 Light Cavalry
60:45 Bloodlines
N3DDI
13:02 Feudal Age
14:03 Double-Bit Axe
16:30 Castle Age
16:06 Wheelbarrow
16:12 Double-Bit Axe
16:24 Stone Mining
16:43 Horse Collar
27:15 Bow Saw
30:06 Fletching
30:17 Padded Archer Armor
30:38 Loom
32:13 Bodkin Arrow
32:34 Leather Archer Armor
38:22 Imperial Age
36:08 Hand Cart
36:32 Heavy Plow
37:47 Gold Mining
37:47 Town Watch
38:40 Elite Janissary
39:43 Conscription
40:55 Caravan
40:38 Heavy Camel Rider
41:18 Husbandry
41:29 Bloodlines
45:39 Scale Barding Armor
45:44 Forging
45:35 Bracer
46:06 Ring Archer Armor
47:43 Chain Barding Armor
47:59 Iron Casting
50:11 Iron Casting
51:07 Plate Barding Armor
51:56 Blast Furnace
60:37 Two-Man Saw
Skeepilten
0:27 Loom
14:00 Feudal Age
18:33 Castle Age
18:37 Wheelbarrow
18:21 Double-Bit Axe
18:26 Horse Collar
20:51 Stone Mining
20:52 Gold Mining
26:22 Hand Cart
25:53 Town Watch
27:38 Stone Shaft Mining
27:39 Gold Shaft Mining
27:14 Heavy Plow
28:32 Pikeman
29:12 Squires
30:10 Bow Saw
33:58 Imperial Age
34:35 Burgundian Vineyards
34:52 Scale Barding Armor
34:48 Scale Mail Armor
34:59 Forging
34:39 Fletching
34:50 Padded Archer Armor
34:55 Caravan
36:08 Town Patrol
37:49 Chemistry
37:11 Ballistics
36:32 Treadmill Crane
37:26 Conscription
37:46 Elite Coustillier
38:52 Chain Barding Armor
38:47 Chain Mail Armor
38:53 Leather Archer Armor
40:18 Masonry
40:11 Arson
41:46 Plate Barding Armor
41:48 Iron Casting
45:15 Halberdier
46:34 Plate Mail Armor
46:00 Bodkin Arrow
47:05 Blast Furnace
ellarn
11:47 Feudal Age
15:29 Castle Age
14:33 Horse Collar
14:52 Double-Bit Axe
18:31 Chemistry
21:18 Padded Archer Armor
27:18 Leather Archer Armor
27:00 Fletching
33:58 Imperial Age
31:47 Bodkin Arrow
33:21 Heavy Plow
33:34 Bow Saw
36:39 Ring Archer Armor
36:10 Bracer
37:49 Caravan
46:23 Two-Man Saw
46:27 Pikeman
47:07 Squires
48:36 Halberdier
50:41 Houfnice
Connection lost

Rejoining the realm…

Still unreachable

The connection could not be restored.

Session expired

The server has moved on; the page needs a fresh start.